 Dungeon Crawl Stone Soup version 0.28-a0-514-g0d7ab7f379 (webtiles) character file.

Game seed: 8388003338144250174

12191 Spaninq the Frost Mage (level 12, -3/76 (91) HPs)
             Began as a Human Ice Elementalist on Sept 22, 2021.
             Was an Elder of Vehumet.
             Killed from afar by Josephine (19 damage)
             ... with a ghostly fireball
             ... on level 12 of the Dungeon.
             The game lasted 01:03:05 (12054 turns).

Spaninq the Frost Mage (Human Ice Elementalist)    Turns: 12054, Time: 01:03:05

HP:   -3/76 (91)    AC: 13    Str:  6    XL:     12   Next: 17%
MP:   15/34         EV: 12    Int: 20    God:    Vehumet [****..]
Gold: 631           SH:  0    Dex: 16    Spells: 12/29 levels left

rFire   . . .      SeeInvis +   u - +7 spear (vorpal)
rCold   + + +      Faith    .   (no shield)
rNeg    . . .      Spirit   .   n - +2 robe {Archmagi}
rPois   +          Reflect  .   v - +2 helmet
rElec   +          Harm     .   b - scarf {shadows}
rCorr   .          Rampage  .   L - +2 pair of gloves "Pipliokk" {rElec rC+ SInv}
Will    .....      Archmagi +   C - +2 pair of boots
Stlth   ++........              e - amulet of regeneration
HPRegen 1.22/turn               l - ring of magical power
MPRegen 0.24/turn               k - ring "Wigef" {rPois rC++ Str-3 Dex+2 Slay+6}

@: about to teleport, slowed, heavily drained, very slow
A: no striking features
a: Renounce Religion


You were on level 12 of the Dungeon.
You worshipped Vehumet.
Vehumet was greatly pleased with you.
You visited 2 branches of the dungeon, and saw 13 of its levels.
You also visited: Bailey.

You collected 871 gold pieces.
You spent 240 gold pieces at shops.

Inventory:

Hand Weapons
 u - a +7 vorpal spear (weapon)
 F - a +2 scimitar of flaming
Missiles
 d - 396 stones
 s - 3 throwing nets
Armour
 b - a scarf of shadows (worn)
 n - a +2 robe of the Archmagi (worn)
 v - a +2 helmet (worn)
 y - a +0 pair of gloves
 C - a +2 pair of boots (worn)
 G - a +1 kite shield of protection
 I - a +0 kite shield
 J - a +0 pair of boots of flying
 L - the +2 pair of gloves "Pipliokk" (worn) {rElec rC+ SInv}
   (You found it on level 11 of the Dungeon)

   rC:        It protects you from cold.
   rElec:     It insulates you from electricity.
   SInv:      It lets you see invisible.
 N - a +0 crystal plate armour
Jewellery
 e - an amulet of regeneration (around neck)
 k - the ring "Wigef" (right hand) {rPois rC++ Str-3 Dex+2 Slay+6}
   (You acquired it on level 9 of the Dungeon)

   [ring of poison resistance]

   Str:       It affects your strength (-3).
   Dex:       It affects your dexterity (+2).
   Slay:      It affects your accuracy & damage with ranged weapons and melee
   (+6).
   rC:        It greatly protects you from cold.
   rPois:     It protects you from poison.
 l - a ring of magical power (left hand)
 K - a ring of protection from fire
 M - a ring of protection from fire
Wands
 f - a wand of flame (41)
 p - a wand of paralysis (4)
 r - a wand of polymorph (13)
 A - a wand of mindburst (27)
 O - a wand of iceblast (10)
Scrolls
 c - a scroll of fog
 j - 2 scrolls of amnesia
 q - 2 scrolls of teleportation
 E - a scroll of summoning
 H - 2 scrolls of identify
 P - a scroll of immolation {unknown}
Potions
 a - a potion of lignification
 g - a potion of cancellation
 h - 2 potions of might
 i - 5 potions of invisibility
 m - a potion of brilliance
 o - 5 potions of heal wounds
 t - 2 potions of mutation
 w - 7 potions of curing
 x - a potion of berserk rage
 z - 2 potions of haste
 B - 2 potions of flight
Miscellaneous
 D - a phial of floods


   Skills:
 + Level 7.3 Fighting
 - Level 2.0 Dodging
 - Level 2.0 Stealth
 + Level 9.0 Spellcasting
 * Level 8.4 Conjurations
 + Level 9.9 Ice Magic
 * Level 7.2 Earth Magic


You had 12 spell levels left.
You knew the following spells:

 Your Spells              Type           Power      Damage    Failure   Level
a - Sandblast             Erth           100%       2d20      1%          1
b - Frozen Ramparts       Ice            100%       1d12      1%          3
c - Hailstorm             Conj/Ice       62%        3d13      1%          4
d - Apportation           Tloc           26%        N/A       8%          1
e - Magic Dart            Conj           100%       1d8       1%          1
f - Mephitic Cloud        Conj/Pois/Air  30%        N/A       2%          3
g - Flame Wave            Conj/Fire      38%        3d8       4%          4

Your spell library contained the following spells:

 Spells                   Type           Power      Damage    Failure   Level
 Sticky Flame             Conj/Fire      38%        2d6       4%          4
 Freeze                   Ice            100%       1d11      1%          1
 Shock                    Conj/Air       100%       1d9       1%          1
 Ozocubu's Armour         Ice            65%        N/A       1%          3
 Animate Skeleton         Necr           26%        N/A       8%          1
 Summon Small Mammal      Summ           52%        N/A       8%          1
 Call Imp                 Summ           13%        N/A       12%         2
 Petrify                  Tmut/Erth      35%        N/A       17%         4
 Airstrike                Air            6%         N/A       19%         4
 Call Canine Familiar     Summ           13%        N/A       22%         3
 Gell's Gravitas          Tloc           6%         N/A       22%         3
 Lesser Beckoning         Tloc           13%        N/A       22%         3
 Summon Guardian Golem    Hex/Summ       13%        N/A       22%         3
 Swiftness                Air            13%        N/A       22%         3
 Teleport Other           Tloc           13%        N/A       22%         3
 Metabolic Englaciation   Hex/Ice        21%        N/A       28%         5
 Statue Form              Tmut/Erth      23%        N/A       95%         6


Dungeon Overview and Level Annotations

Branches:
Dungeon (12/15)            Temple (1/1) D:4            Lair (0/6) D:9
 Bailey (visited)
    Orc: D:9-12

Altars:
Ashenzari
Cheibriados
Dithmenos
Elyvilon
Fedhas
Gozag
Hepliaklqana
Kikubaaqudgha
Makhleb
Nemelex Xobeh
Okawaru
Qazlal
Ru
Sif Muna
Trog
Uskayaw
Vehumet
Wu Jian
Xom
Yredelemnul
Zin
The Shining One

Shops:
D:3 (   D:7 *   D:12 !

Annotations:
D:5 2 runed translucent doors
D:6 2 transporters, Cancer's ghost, novice TeCj
D:12 Josephine


Message History

Josephine casts a spell at you.
The ghostly flame explodes!
The ghostly fireball engulfs the wraith.
The wraith completely resists.
The ghostly fireball engulfs you!!
You feel drained.
The ghostly fireball engulfs the wraith.
The wraith completely resists.
The wraith closely misses you. The wraith hits you but does no damage.
Josephine gestures at you while chanting.
The ghostly flame explodes!
The ghostly fireball engulfs the wraith.
The wraith completely resists.
The ghostly fireball engulfs you!!
You feel drained.
The ghostly fireball engulfs the wraith.
The wraith completely resists.
Josephine points at you and mumbles some strange words.
The ghostly flame explodes!
The ghostly fireball engulfs the wraith.
The wraith completely resists.
The ghostly fireball engulfs you!
You feel drained.
* * * LOW HITPOINT WARNING * * *
The ghostly fireball engulfs the wraith.
The wraith completely resists.
The wraith hits you!
* * * LOW HITPOINT WARNING * * *
The wraith drains your vigour!
You feel as though you will be slow longer.
The wraith misses you.
There is an open door here.
You close the door.
A wraith opens the door.
The wraith hits you but does no damage.
As you read the scroll of teleportation, it crumbles to dust.
You feel strangely unstable. Josephine casts a spell at you.
The ghostly flame explodes!
The ghostly fireball engulfs the wraith.
The wraith completely resists.
The ghostly fireball engulfs the wraith.
The wraith completely resists.
The ghostly fireball engulfs you!!
You feel drained.
You die...

#.....'.......##..
#.....#...........
#.....#...........
#.....#...........
##+################.##....##..
......#....##....##.##....##..
......#.....#.............####
.....))...@.WW............'...
....))#.....#@............#...
......#.....#.............#...
...K)K#.....#.............#(..
..K..K####+###################
...... .....@


You could see Josephine and 2 wraiths.

Vanquished Creatures
  Erolcha (D:11)
  Erica (D:11)
  A boulder beetle (D:11)
  A two-headed ogre (D:11)
  A deep elf pyromancer (D:12)
  2 orc knights (Bailey)
  Maggie (D:6)
  2 kobold demonologists (D:12)
  A meliai zombie (D:10)
  3 wraiths (D:12)
  Sigmund (D:4)
  A wyvern (D:9)
  Eustachio (D:6)
  14 yaks
  A water moccasin (D:7)
  5 orc warriors
  Duvessa (D:7)
  3 black bears
  An ogre (D:7)
  2 necrophages (D:8)
  4 centaurs
  2 phantoms
  2 kobold brigands
  3 gnoll sergeants
  Dowan (D:7)
  16 wights
  19 killer bees
  6 howler monkeys
  4 centaur zombies
  5 hounds
  2 jellies
  A gnoll shaman (D:8)
  3 orc priests
  A centaur skeleton (D:5)
  3 iguanas
  3 orc wizards
  A hound skeleton (D:4)
  3 howler monkey zombies
  19 gnolls
  4 adders
  An ufetubus (D:5)
  2 worms
  2 dart slugs
  30 orcs
  6 bats
  4 endoplasms
  3 giant cockroaches
  8 hobgoblins
  4 quokkas
  6 ball pythons
  2 frilled lizards (D:2)
  15 goblins
  19 kobolds
  A quokka skeleton (D:4)
  3 rats
252 creatures vanquished.

Notes
Turn   | Place    | Note
-------+----------+-------------------------------------------
     0 | D:1      | Spaninq the Human Ice Elementalist began the quest for the
                  | Orb.
     0 | D:1      | Reached XP level 1. HP: 13/13 MP: 3/3
   232 | D:1      | Reached XP level 2. HP: 20/20 MP: 3/5
   701 | D:1      | Reached XP level 3. HP: 25/25 MP: 3/6
  1044 | D:2      | Learned a level 3 spell: Frozen Ramparts
  1345 | D:2      | Reached skill level 1 in Fighting
  1805 | D:2      | Reached XP level 4. HP: 31/32 MP: 8/8
  2140 | D:3      | Found Emafaes's Weapon Emporium.
  2497 | D:4      | Found a staircase to the Ecumenical Temple.
  2571 | D:4      | Reached XP level 5. HP: 24/37 MP: 3/9
  2581 | D:4      | Reached skill level 5 in Ice Magic
  2672 | Temple   | Entered the Ecumenical Temple
  2917 | Temple   | Became a worshipper of Vehumet
  3028 | D:4      | Noticed Sigmund
  3037 | D:4      | Killed Sigmund
  3038 | D:4      | Reached XP level 6. HP: 23/46 MP: 12/12
  3063 | D:4      | Learned a level 4 spell: Hailstorm
  3154 | D:4      | Reached XP level 7. HP: 49/51 MP: 13/13
  3241 | D:4      | Reached skill level 1 in Conjurations
  3886 | D:5      | Entered Level 5 of the Dungeon
  3989 | D:4      | Reached XP level 8. HP: 31/58 MP: 15/15
  4180 | D:5      | Reached skill level 5 in Spellcasting
  4295 | D:5      | Found a runed translucent door.
  4297 | D:5      | Found a runed translucent door.
  4411 | D:5      | Learned a level 1 spell: Apportation
  4432 | D:5      | Reached * piety under Vehumet
  4432 | D:5      | Offered knowledge of Magic Dart by Vehumet.
  4441 | D:5      | Learned a level 1 spell: Magic Dart
  4972 | D:6      | Noticed Eustachio
  4989 | D:6      | Killed Eustachio
  5021 | D:6      | Found a stormy altar of Qazlal.
  5154 | D:6      | Noticed a vampire
  5293 | D:6      | Found a transporter.
  5296 | D:6      | Found a transporter.
  5297 | D:6      | Noticed Cancer's ghost (novice TeCj)
  5390 | D:6      | Reached XP level 9. HP: 65/65 MP: 17/17
  5480 | D:6      | Found a hazy altar of Hepliaklqana.
  5732 | D:6      | Noticed Maggie
  5737 | D:6      | Killed Maggie
  6080 | D:7      | Reached skill level 5 in Conjurations
  6243 | D:7      | Identified the +1 chain mail "Vyatt" {Drain rC+ rCorr}
  6243 | D:7      | Noticed Duvessa
  6244 | D:7      | Noticed Dowan
  6263 | D:7      | Killed Duvessa
  6488 | D:7      | Killed Dowan
  6568 | D:7      | Found Qeggaeq's Lightly-Used Armoury.
  6581 | D:7      | Reached ** piety under Vehumet
  6853 | D:7      | Reached skill level 5 in Fighting
  6853 | D:7      | Reached XP level 10. HP: 74/74 MP: 20/20
  7209 | D:8      | Offered knowledge of Sandblast by Vehumet.
  7213 | D:8      | Learned a level 1 spell: Sandblast
  7553 | D:8      | Reached skill level 1 in Earth Magic
  7917 | D:8      | Offered knowledge of Conjure Flame by Vehumet.
  8196 | D:9      | Noticed a death yak
  8585 | D:9      | Reached *** piety under Vehumet
  8696 | D:9      | Noticed a death yak
  8833 | D:9      | Noticed a death yak
  8862 | D:9      | Found a staircase to the Lair.
  8864 | D:9      | Noticed a death yak
  8865 | D:9      | Noticed a death yak
  8865 | D:9      | Noticed a death yak
  9026 | D:9      | Identified a scroll of acquirement
  9026 | D:9      | Acquired the ring "Wigef" {rPois rC++ Str-3 Dex+2 Slay+6}
  9140 | D:9      | Upgraded the game from 0.28-a0-511-gcc94558de3 to
                  | 0.28-a0-514-g0d7ab7f379
  9288 | D:9      | Noticed a death yak
  9469 | D:10     | Entered Level 10 of the Dungeon
  9487 | D:9      | Learned a level 3 spell: Mephitic Cloud
  9518 | D:10     | Reached XP level 11. HP: 72/81 MP: 23/23
  9557 | D:10     | Reached skill level 5 in Earth Magic
  9802 | D:10     | Offered knowledge of Flame Wave by Vehumet.
  9812 | D:10     | Learned a level 4 spell: Flame Wave
 10239 | D:11     | Noticed Erica
 10252 | D:11     | Killed Erica
 10479 | D:11     | Noticed a two-headed ogre
 10486 | D:11     | Killed a two-headed ogre
 10549 | D:11     | Noticed a boulder beetle
 10866 | D:11     | Killed a boulder beetle
 11127 | D:11     | Identified the +2 pair of gloves "Pipliokk" {rElec rC+
                  | SInv}
 11196 | D:11     | Noticed Erolcha
 11205 | D:11     | Killed Erolcha
 11484 | D:11     | Acquired 241 gold pieces
 11519 | D:12     | Found a flagged portal.
 11529 | Bailey   | Entered a bailey
 11707 | Bailey   | Noticed an orc knight
 11708 | Bailey   | Noticed an orc knight
 11713 | Bailey   | Killed an orc knight
 11713 | Bailey   | Killed an orc knight
 11713 | Bailey   | Reached **** piety under Vehumet
 11987 | D:12     | Found Gadeodde's Distillery.
 11994 | D:12     | Bought a potion of curing for 30 gold pieces
 11994 | D:12     | Bought a potion of mutation for 80 gold pieces
 11994 | D:12     | Bought a potion of heal wounds for 50 gold pieces
 11994 | D:12     | Bought a potion of heal wounds for 50 gold pieces
 11994 | D:12     | Bought a potion of curing for 30 gold pieces
 12026 | D:12     | Noticed a deep elf pyromancer
 12031 | D:12     | Noticed Josephine
 12032 | D:12     | Reached XP level 12. HP: 91/91 MP: 24/24
 12046 | D:12     | Offered knowledge of Sticky Flame by Vehumet.
 12054 | D:12     | Killed from afar by Josephine

Illustrated notes

Levels and vault maps discovered:
D:1:      scummos_arrival_simple_crosswalls, layout_rooms, serial_corexii_hall,
          corexii_hall_statues_l, chequers_hall_statues_wall_a, minmay_tripent
D:2:      layout_basic, minmay_goblin_outpost
D:3:      layout_rooms, serial_shops, shop
D:4:      layout_basic, minmay_temple_entry_statues_pillars, uniq_sigmund
D:5:      lemuel_insect_pit, layout_rooms
D:6:      layout_loops_ring, nicolae_qazlal_eye_of_the_storm,
          nicolae_hepliaklqana_hippocampus, gammafunk_ghost_mausoleum,
          uniq_maggie, uniq_eustachio
D:7:      layout_basic, minmay_shop_damaged, uniq_duvessa
D:8:      layout_loops_ring, eino_jars
D:9:      layout_stronghold, dpeg_lair_monsters
D:10:     layout_cave_pools
D:11:     layout_stronghold, uniq_erolcha, uniq_erica
D:12:     layout_gridville, minmay_orc_entry_temple_small, serial_shops, shop,
          enter_bailey_3, uniq_josephine
Temple:   regret_index_temple_chain_breaker

Skill      XL: |  1  2  3  4  5  6  7  8  9 10 11 12 |
---------------+-------------------------------------+-----
Fighting       | 1 2 3 5 7 |  7.3
Spellcasting   | 3 4 5 7 8 9 |  9.0
Ice Magic      | 5 6 7 8 9 |  9.9
Conjurations   | 2 4 5 6 8 |  8.4
Earth Magic    | 4 6 7 |  7.2
Dodging        | |  2.0
Stealth        | |  2.0

Action                   |  1- 3 |  4- 6 |  7- 9 | 10-12 || total
-------------------------+-------+-------+-------+-------++-------
Melee: Unarmed           |     9 |       |       |       ||     9
       Short sword       |    47 |    74 |    37 |       ||   158
       Spear             |       |       |    91 |   144 ||   235
 Cast: Freeze            |    38 |     7 |     7 |       ||    52
       Frozen Ramparts   |       |    10 |    37 |    19 ||    66
       Hailstorm         |       |       |    22 |    44 ||    66
       Magic Dart        |       |       |     5 |     5 ||    10
       Mephitic Cloud    |       |       |       |    35 ||    35
       Flame Wave        |       |       |       |     6 ||     6
       Sandblast         |       |       |       |     1 ||     1
  Use: Scroll            |       |       |       |    26 ||    26
 Stab: Sleeping          |     3 |     3 |       |     1 ||     7
       Confused          |       |       |       |     6 ||     6
Armor: Robe              |    21 |    21 |    56 |    75 ||   173
Dodge: Dodged            |    62 |    62 |    80 |   123 ||   327

Table legend: (Time is in decaauts)
 A = Elapsed time spent in this place.
 B = Non-inter-level travel time spent in this place.
 C = Inter-level travel time spent in this place.
 D = Time resting spent in this place.
 E = Time spent auto-exploring this place.
 F = Levels seen in this place.
 G = Mean time per level.
                   A        B        C        D        E       F      G
               +--------+--------+--------+--------+--------+-----+--------+
         Total |  12108 |  11591 |    517 |   1493 |   6988 |  14 |  864.9 |
       Dungeon |  11536 |  11028 |    508 |   1480 |   6729 |  12 |  961.3 |
        Temple |    255 |    246 |      9 |      0 |    210 |   1 |  255.0 |
        Bailey |    316 |    316 |      0 |     13 |     49 |   1 |  316.0 |
               +--------+--------+--------+--------+--------+-----+--------+

Top non-repeatable levels by time:
    D:11: 1375 daAuts
     D:4: 1365 daAuts
     D:9: 1239 daAuts
     D:7: 1202 daAuts
     D:6: 1126 daAuts
     D:2: 1091 daAuts
     D:8: 1016 daAuts
     D:1: 988 daAuts
     D:5: 718 daAuts
    D:10: 655 daAuts
     D:3: 519 daAuts
  Bailey: 316 daAuts
  Temple: 255 daAuts
    D:12: 238 daAuts
